 Dungeon Crawl Stone Soup version 0.27.1-35-g4d5d836560 (console) character file.

Game seed: 14275782940970971923

451 grimtooth the Tainter (level 7, 0/46 HPs)
             Began as a Formicid Venom Mage on Dec 2, 2022.
             Slain by a quokka (4 damage)
             ... on level 4 of the Dungeon.
             The game lasted 00:17:39 (3802 turns).

grimtooth the Tainter (Formicid Venom Mage)         Turns: 3802, Time: 00:17:40

Health: 0/46       AC:  4    Str: 14    XL:     7   Next: 25%
Magic:  10/11      EV: 11    Int: 15    God:
Gold:   138        SH:  0    Dex: 11    Spells: 7/12 levels left

rFire    . . .     SeeInvis +   o - +0 short sword
rCold    . . .     Faith    .   (no shield)
rNeg     . . .     Spirit   .   l - +0 leather armour
rPois    .         Reflect  .   (helmet unavailable)
rElec    .         Harm     .   h - +0 cloak
rCorr    .         Rampage  .   (no gloves)
Will     .....                  (no boots)
Stlth    ++........             (no amulet)
HPRegen  0.15/turn              (no ring)
MPRegen  0.12/turn              (no ring)

@: no status effects
A: permanent stasis, dig shafts and tunnels, antennae 3, four strong arms
a: Dig, Shaft Self


You were on level 4 of the Dungeon.
You visited 1 branch of the dungeon, and saw 4 of its levels.

You collected 138 gold pieces.

Inventory:

Hand Weapons
 o - a +0 short sword (weapon)
Missiles
 b - 43 stones
 g - 10 poisoned darts (quivered)
 m - 19 sling bullets
Armour
 a - a +0 robe
 h - a +0 cloak (worn)
 l - a +0 leather armour (worn)
Scrolls
 c - a scroll of summoning {unknown}
 e - 2 scrolls of teleportation {unknown}
 j - a scroll of noise {unknown}
 k - a scroll of fear {unknown}
 p - a scroll of acquirement {unknown}
Potions
 d - 2 potions of attraction {unknown}
 f - a potion of haste {unknown}
 i - a potion of brilliance {unknown}
 n - a potion of cancellation {unknown}
 q - a potion of heal wounds {unknown}
 r - 2 potions of curing {unknown}


   Skills:
 - Level 1.7 Dodging
 + Level 3.0 Stealth
 - Level 3.0 Spellcasting
 - Level 3.0 Transmutations
 * Level 8.9 Poison Magic


You had 7 spell levels left.
You knew the following spells:

 Your Spells              Type           Power      Damage    Failure   Level
a - Sting                 Tmut/Pois      80%        1d7       2%          1
t - Olgreb's Toxic Radia  Pois           29%        N/A       6%          4

Your spell library contained the following spells:

 Spells                   Type           Power      Damage    Failure   Level
 Poisonous Vapours        Pois/Air       30%        N/A       6%          2
 Mephitic Cloud           Conj/Pois/Air  11%        N/A       22%         3
 Magic Dart               Conj           8%         1d3       26%         1
 Call Imp                 Summ           2%         N/A       36%         2
 Gell's Gravitas          Tloc           1%         N/A       58%         3
 Teleport Other           Tloc           2%         N/A       58%         3
 Dispersal                Tloc           1%         N/A       100%        6


Dungeon Overview and Level Annotations

Branches:
Dungeon (4/15)
 Temple: D:4-7

Altars:

Annotations:
D:3 Sigmund
D:4 Edmund, Grinder, Menkaure


Innate Abilities, Weirdness & Mutations

You cannot be hasted, slowed, berserked, paralysed or teleported.
You can dig through walls and to a lower floor.
You have a pair of large antennae on your head. (SInv)
Your four strong arms can wield two-handed weapons with a shield.


Message History

* * * LOW HITPOINT WARNING * * *
You barely miss the scorpion zombie.
The scorpion zombie is moderately damaged.
The scorpion zombie hits you!
* * * LOW HITPOINT WARNING * * *
Press: ? - help, v - describe, . - travel
Here: a scorpion zombie (moderately damaged)
The floor, spattered with blood.
Press: ? - help, . - travel You can't see that place. [a stone staircase leading up.]
A quokka comes into view.
Press: ? - help, v - describe, . - travel
Here: a scorpion zombie (moderately damaged)
The floor.
Casting: Sting (safe; 2% risk of failure)
Confirm with . or Enter, or press ? or * to list all spells.
Aiming: Sting (safe; 2% risk of failure)
Press: ? - help, Shift-Dir - straight line, f - quokka, p - scorpion zombie
Aim: a quokka (wandering, hasn't noticed you, 67% to hit)
The sting hits the quokka but does no damage.
The quokka is poisoned.
The scorpion zombie hits you.
* * * LOW HITPOINT WARNING * * *
Press: ? - help, v - describe, . - travel
Here: a quokka (moderately wounded, poisoned)
The floor.
The quokka closely misses you. The quokka barely misses you.
You barely miss the quokka.
The quokka is almost dead.
The quokka bites you.
* * * LOW HITPOINT WARNING * * *
The scorpion zombie hits you.
* * * LOW HITPOINT WARNING * * *
You hit the quokka but do no damage.
The quokka is almost dead.
The quokka bites you.
* * * LOW HITPOINT WARNING * * *
The scorpion zombie barely misses you. The quokka bites you.
You die...

### ##.## ##.#.## ##.###.##
##..# ##.## ##.#.# ##.##
##.##.# ##.## ##.###.###
##.### #.##.....# ##..# #####.
#....#.#r#### ##.###..... {
#....#†#@Z..####.....####
#.......###†###...............
##.#....# ... #............<..
#..### ### ###.###.##.#####
.... #.# #....# ...#. ###.#
#....# ........ #...# #....#
... ....## ###...###.#>.##
..#.... {#.........#...#
..$....###....#####...[#
..!...........## #.#..#


You could see a scorpion zombie and a quokka (poisoned).

Vanquished Creatures
  An orc warrior (D:3)
  A black bear (D:2)
  A scorpion (D:4)
  A jelly (D:2)
  2 orc priests (D:3)
  An orc wizard (D:3)
  3 adders
  2 dart slugs (D:1)
  5 orcs
  6 endoplasms
  3 giant cockroaches
  6 goblins
  5 hobgoblins
  5 jackals
  4 quokkas
  3 ball pythons
  6 bats
  3 frilled lizards
  5 kobolds
  2 rats
65 creatures vanquished.

Notes
Turn   | Place    | Note
-------+----------+-------------------------------------------
     0 | D:1      | grimtooth the Formicid Venom Mage began the quest for the
                  | Orb.
     0 | D:1      | Reached XP level 1. HP: 13/13 MP: 3/3
   324 | D:1      | Reached XP level 2. HP: 14/19 MP: 0/5
   639 | D:1      | Found a faded altar of an unknown god.
   949 | D:1      | Reached XP level 3. HP: 24/24 MP: 6/6
  1036 | D:1      | Reached skill level 5 in Poison Magic
  1469 | D:2      | Noticed a black bear
  1488 | D:2      | Killed a black bear
  1489 | D:2      | Reached skill level 6 in Poison Magic
  1489 | D:2      | Reached XP level 4. HP: 21/30 MP: 0/7
  1489 | D:2      | Reached XP level 5. HP: 25/35 MP: 0/8
  2445 | D:2      | Learned a level 4 spell: Olgreb's Toxic Radiance
  2661 | D:3      | Reached skill level 7 in Poison Magic
  2827 | D:3      | Noticed an orc warrior
  2967 | D:2      | Reached XP level 6. HP: 41/41 MP: 5/9
  3070 | D:3      | Killed an orc warrior
  3071 | D:3      | Reached skill level 8 in Poison Magic
  3321 | D:3      | Noticed Sigmund
  3333 | D:4      | Noticed Grinder
  3358 | D:4      | Noticed Edmund
  3390 | D:4      | Noticed Menkaure
  3396 | D:4      | Reached XP level 7. HP: 46/46 MP: 9/11
  3802 | D:4      | Slain by a quokka

Illustrated notes

Levels and vault maps discovered:
D:1:      dpeg_arrival_simpleton_b, layout_loops_ring,
          shapermc_ecumenical_altar_acropolis, kennysheep_another_room
D:2:      layout_loops_corners, bh_walls_and_bars
D:3:      layout_rooms, feat_on_display, uniq_sigmund
D:4:      layout_rooms, minmay_quantized, uniq_grinder, uniq_purgy,
          uniq_menkaure, uniq_edmund

Skill      XL: |  1  2  3  4  5  6  7 |
---------------+----------------------+-----
Poison Magic   | 6 7 8 |  8.9
Transmutations | 3 |  3.0
Spellcasting   | 3 |  3.0
Stealth        | 3 |  3.0
Dodging        | |  1.7

Action                   |  1- 3 |  4- 6 |  7- 9 || total
-------------------------+-------+-------+-------++-------
Melee: Short sword       |    19 |    23 |    29 ||    71
Throw: Dart              |       |     4 |       ||     4
 Cast: Sting             |    42 |    76 |    20 ||   138
 Abil: Dig               |       |     2 |     2 ||     4
 Stab: Sleeping          |     3 |       |       ||     3
Armor: Robe              |     4 |       |       ||     4
       Leather armour    |     5 |    21 |     4 ||    30
Dodge: Dodged            |    28 |    37 |    30 ||    95
